AoeStats
← superhillbilly

Arena

510420346Analyzed
1v1 RM · 13h ago on Sep 30, 2026· 43m 36s· 2 players
Game mode
Random Map
Map size
Tiny (2 player)
Population
200
Speed
Normal
Resources
Standard
Victory
Conquest
Starting age
Dark Age
Ending age
Imperial Age
RankedLock teamsTeams togetherTeam positionsShared explorationLock speedFull tech treeHidden civsTurbo modeCheats
Victory
Defeat
🇺🇸 Malians · United States
836
+15
🇦🇷 Mongols · Argentina
805
-15
superhillbilly
10:13 Feudal Age
16:46 Castle Age
14:44 Double-Bit Axe
15:36 Stone Mining
17:31 Wheelbarrow
18:53 Stone Shaft Mining
20:12 Horse Collar
22:51 Gold Mining
31:51 Imperial Age
30:28 Forging
31:28 Bow Saw
31:57 Gold Shaft Mining
31:32 Scale Mail Armor
33:43 Chemistry
32:55 Fortified Wall
32:40 Elite Skirmisher
34:00 Elite Gbeto
38:05 Padded Archer Armor
37:56 Fletching
38:42 Iron Casting
Emaime
1:14 Loom
12:56 Feudal Age
13:47 Double-Bit Axe
13:54 Gold Mining
13:47 Horse Collar
16:09 Wheelbarrow
20:38 Castle Age
21:43 Hand Cart
21:42 Bow Saw
21:35 Heavy Plow
23:06 Gold Shaft Mining
23:55 Stone Mining
27:23 Stone Shaft Mining
27:25 Gold Shaft Mining
28:25 Town Watch
34:10 Imperial Age
32:03 Town Patrol
31:56 Fletching
32:06 Padded Archer Armor
33:34 Bodkin Arrow
33:54 Leather Archer Armor
34:35 Bloodlines
34:26 Husbandry
34:54 Ballistics
35:16 Drill
35:10 Bracer
34:36 Onager
36:11 Conscription
37:21 Chemistry
37:01 Thumb Ring
37:24 Parthian Tactics
37:42 Elite Mangudai
39:29 Elite Skirmisher
42:05 Siege Onager
Connection lost

Rejoining the realm…

Still unreachable

The connection could not be restored.

Session expired

The server has moved on; the page needs a fresh start.